APP
WASHINGTON (APP) NATIONALS @ MISSOULA OSPREY
10/13/2047
 
TOP OF THE 1ST
Philadelphia (APP) Phillies batting - Pitching for San Diego (APP) Padres : RHP Ivan Marquez
Pitching: RHP Ivan Marquez
Batting: RHB Harvey Harvey 0-0: Called Strike
0-1: Ball
1-1: Fly out, F7 (Flyball, 78M, EV 96.9 MPH)
Batting: LHB Charlie Cook 0-0: Foul Ball, location: 2F
0-1: Foul Ball, location: 2F
0-2: Foul Ball, location: 2F
0-2: SINGLE (Groundball, 4MD, EV 100.0 MPH)
Batting: LHB Joel Urquiza 0-0: Called Strike
Charlie Cook steals 2nd base
0-1: Foul Ball, location: 2F
0-2: Ball
1-2: Foul Ball, location: 2F
1-2: Ball
Passed Ball!
Charlie Cook to third
2-2: Ground out 6-3 (Groundball, 4M, EV 103.1 MPH)
Charlie Cook scores
Batting: RHB John Gray 0-0: Called Strike
0-1: Ball
1-1: Foul Ball, location: 2F
1-2: Foul Ball, location: 2F
1-2: SINGLE (Groundball, 6MD, EV 95.6 MPH)
Batting: RHB David Rivera 0-0: Ball
1-0: Fly out, F5 (Popup, 25F, EV 87.5 MPH)
Top of the 1st over - 1 run, 2 hits, 0 errors, 1 left on base; Philadelphia (APP) 1 - San Diego (APP) 0
BOTTOM OF THE 1ST
San Diego (APP) Padres batting - Pitching for Philadelphia (APP) Phillies : RHP Julio Bernal
Pitching: RHP Julio Bernal
Batting: SHB Juan Luna 0-0: Called Strike
0-1: DOUBLE (Line Drive, 7LM, EV 109.4 MPH)
Batting: SHB Justin Burkholder 0-0: SINGLE (Flyball, 7S, EV 91.9 MPH)
Juan Luna to third
Runner from 3rd tries for Home, SAFE, throw by LF to home
Batting: RHB Laroya Foronda 0-0: Ball
1-0: Called Strike
Justin Burkholder steals 2nd base
1-1: Called Strike
1-2: Foul Ball, location: 2F
1-2: Ball
2-2: Strikes out swinging
Batting: RHB Luis Ramos 0-0: Called Strike
0-1: Ball
Justin Burkholder steals 3rd, throwing error, E2
Justin Burkholder scores
1-1: Called Strike
1-2: Strikes out looking
Batting: LHB Bobby Mohr 0-0: Called Strike
0-1: Ball
1-1: Ball
2-1: Foul Ball, location: 2F
2-2: Foul Ball, location: 2F
2-2: Foul Ball, location: 2F
2-2: Foul Ball, location: 2F
2-2: DOUBLE (Flyball, 8LXD, EV 108.8 MPH)
Batting: RHB Joe Brady 0-0: Ball
1-0: Ball
2-0: Foul Ball, location: 2F
2-1: Ground out 4-3 (Groundball, 4, EV 103.1 MPH)
Bottom of the 1st over - 2 runs, 3 hits, 1 error, 1 left on base; Philadelphia (APP) 1 - San Diego (APP) 2
TOP OF THE 2ND
Philadelphia (APP) Phillies batting - Pitching for San Diego (APP) Padres : RHP Ivan Marquez
Batting: RHB Kiyoshi Okazaki 0-0: Ground out 4-3 (Groundball, 4, EV 83.1 MPH)
Batting: RHB Rafael Pena 0-0: Ball
1-0: Called Strike
1-1: Ball
2-1: Foul Ball, location: 2F
2-2: Foul Ball, location: 2F
2-2: Foul Ball, location: 2F
2-2: Strikes out swinging
Batting: RHB Jose Andrade 0-0: Called Strike
0-1: Foul Ball, location: 2F
0-2: Ground out 1-3 (Groundball, 13S, EV 65.0 MPH)
Top of the 2nd over - 0 runs, 0 hits, 0 errors, 0 left on base; Philadelphia (APP) 1 - San Diego (APP) 2
BOTTOM OF THE 2ND
San Diego (APP) Padres batting - Pitching for Philadelphia (APP) Phillies : RHP Julio Bernal
Batting: LHB Justin Banner 0-0: Foul Ball, location: 2F
0-1: Swinging Strike
0-2: Foul Ball, location: 2F
0-2: Ground out 6-3 (Groundball, 6, EV 80.0 MPH)
Batting: LHB Byron Carmichael 0-0: Foul Ball, location: 2F
0-1: Called Strike
0-2: Fly out, F8 (Flyball, 8RS, EV 83.8 MPH)
Batting: SHB Ivan Marquez 0-0: Ball
1-0: Ball
2-0: Foul Ball, location: 2F
2-1: Ball
3-1: Foul Ball, location: 2F
3-2: Strikes out swinging
Bottom of the 2nd over - 0 runs, 0 hits, 0 errors, 0 left on base; Philadelphia (APP) 1 - San Diego (APP) 2
TOP OF THE 3RD
Philadelphia (APP) Phillies batting - Pitching for San Diego (APP) Padres : RHP Ivan Marquez
Batting: RHB Julio Bernal 0-0: Ground out 5-3 (Groundball, 56S, EV 66.3 MPH)
Batting: RHB Harvey Harvey 0-0: Ball
1-0: Called Strike
1-1: Ball
2-1: Ball
3-1: Called Strike
3-2: Fly out, F9 (Line Drive, 9, EV 89.4 MPH)
Batting: LHB Charlie Cook 0-0: Called Strike
0-1: Ball
1-1: Foul Ball, location: 2F
1-2: Strikes out swinging
Top of the 3rd over - 0 runs, 0 hits, 0 errors, 0 left on base; Philadelphia (APP) 1 - San Diego (APP) 2
BOTTOM OF THE 3RD
San Diego (APP) Padres batting - Pitching for Philadelphia (APP) Phillies : RHP Julio Bernal
Batting: SHB Juan Luna 0-0: Foul Ball, location: 2F
0-1: Ground out 6-3 (Groundball, 56, EV 98.8 MPH)
Batting: SHB Justin Burkholder 0-0: Ground out 1-3 (Groundball, 13S, EV 74.4 MPH)
Batting: RHB Laroya Foronda 0-0: Ground out 2-3 (Groundball, 15S, EV 68.8 MPH)
Bottom of the 3rd over - 0 runs, 0 hits, 0 errors, 0 left on base; Philadelphia (APP) 1 - San Diego (APP) 2
TOP OF THE 4TH
Philadelphia (APP) Phillies batting - Pitching for San Diego (APP) Padres : RHP Ivan Marquez
Batting: LHB Joel Urquiza 0-0: Foul Ball, location: 2F
0-1: Ball
1-1: Ball
2-1: SOLO HOME RUN (Flyball, 9LD, EV 96.3 MPH), Distance : 337 ft
Batting: RHB John Gray 0-0: Ball
1-0: Fly out, F9 (Flyball, 89S, EV 89.4 MPH)
Batting: RHB David Rivera 0-0: Called Strike
0-1: Ball
1-1: Ball
2-1: Ball
3-1: Fly out, F9 (Flyball, 89XD, EV 100.0 MPH)
Batting: RHB Kiyoshi Okazaki 0-0: Ball
1-0: Called Strike
1-1: Called Strike
1-2: SINGLE (Groundball, 5S, EV 72.5 MPH) (infield hit)
Batting: RHB Rafael Pena 0-0: Called Strike
0-1: Ball
Wild Pitch!
Kiyoshi Okazaki to second
1-1: Swinging Strike
1-2: SINGLE (Groundball, 4S, EV 80.0 MPH) (infield hit)
Kiyoshi Okazaki to third
Batting: RHB Jose Andrade 0-0: SINGLE (Groundball, 4S, EV 70.6 MPH) (infield hit)
Kiyoshi Okazaki scores
Rafael Pena to second
Batting: RHB Julio Bernal 0-0: Ball
Passed Ball!
Rafael Pena to third
Jose Andrade to second
1-0: DOUBLE (Groundball, 5L, EV 108.8 MPH)
Rafael Pena scores
Jose Andrade scores
Pitching: RHP Cesar Nunez
Batting: RHB Harvey Harvey 0-0: Fly out, F7 (Line Drive, 7, EV 94.4 MPH)
Top of the 4th over - 4 runs, 5 hits, 0 errors, 1 left on base; Philadelphia (APP) 5 - San Diego (APP) 2
BOTTOM OF THE 4TH
San Diego (APP) Padres batting - Pitching for Philadelphia (APP) Phillies : RHP Julio Bernal
Batting: RHB Luis Ramos 0-0: Ball
1-0: Foul Ball, location: 2F
1-1: Called Strike
1-2: Strikes out swinging
Batting: LHB Bobby Mohr 0-0: Ball
1-0: Ball
2-0: Called Strike
2-1: Ground out 3-1 (Groundball, 34, EV 91.9 MPH)
Batting: RHB Joe Brady 0-0: Ball
1-0: Foul Ball, location: 2F
1-1: Called Strike
1-2: Strikes out swinging
Bottom of the 4th over - 0 runs, 0 hits, 0 errors, 0 left on base; Philadelphia (APP) 5 - San Diego (APP) 2
TOP OF THE 5TH
Philadelphia (APP) Phillies batting - Pitching for San Diego (APP) Padres : RHP Cesar Nunez
Batting: LHB Charlie Cook 0-0: Foul Ball, location: 2F
0-1: Called Strike
0-2: Ball
1-2: Foul Ball, location: 2F
1-2: Ball
2-2: Ball
3-2: Base on Balls
Batting: LHB Joel Urquiza 0-0: Ball
Passed Ball!
Charlie Cook to second
1-0: Called Strike
1-1: Ball
2-1: Fly out, F6 (Line Drive, 6, EV 66.9 MPH)
Batting: RHB John Gray 0-0: Ball
1-0: Ball
2-0: Called Strike
2-1: Fly out, F8 (Line Drive, 8RM, EV 102.5 MPH)
Batting: RHB David Rivera 0-0: Ball
1-0: Ball
2-0: Called Strike
2-1: Ball
3-1: Base on Balls
Batting: RHB Kiyoshi Okazaki 0-0: Swinging Strike
0-1: Ball
1-1: Swinging Strike
Passed Ball!
Charlie Cook to third
David Rivera to second
1-2: Strikes out swinging
Top of the 5th over - 0 runs, 0 hits, 0 errors, 2 left on base; Philadelphia (APP) 5 - San Diego (APP) 2
BOTTOM OF THE 5TH
San Diego (APP) Padres batting - Pitching for Philadelphia (APP) Phillies : RHP Julio Bernal
Batting: LHB Justin Banner 0-0: Called Strike
0-1: Foul Ball, location: 2F
0-2: Ground out 4-3 (Groundball, 4S, EV 83.1 MPH)
Batting: LHB Byron Carmichael 0-0: Called Strike
0-1: Ground out 5-3 (Groundball, 5L, EV 102.5 MPH)
Batting: RHB Cesar Nunez 0-0: Called Strike
0-1: Ball
1-1: Ground out 5-3 (Groundball, 56, EV 109.4 MPH)
Bottom of the 5th over - 0 runs, 0 hits, 0 errors, 0 left on base; Philadelphia (APP) 5 - San Diego (APP) 2
TOP OF THE 6TH
Philadelphia (APP) Phillies batting - Pitching for San Diego (APP) Padres : RHP Cesar Nunez
Batting: RHB Rafael Pena 0-0: Foul Ball, location: 2F
0-1: Ball
1-1: Foul Ball, location: 2F
1-2: Strikes out looking
Batting: RHB Jose Andrade 0-0: Ball
1-0: Fly out, F4 (Line Drive, 4, EV 70.0 MPH)
Batting: RHB Julio Bernal 0-0: Called Strike
0-1: Foul Ball, location: 2F
0-2: Foul Ball, location: 2F
0-2: Strikes out looking
Top of the 6th over - 0 runs, 0 hits, 0 errors, 0 left on base; Philadelphia (APP) 5 - San Diego (APP) 2
BOTTOM OF THE 6TH
San Diego (APP) Padres batting - Pitching for Philadelphia (APP) Phillies : RHP Julio Bernal
Batting: SHB Juan Luna 0-0: SINGLE (Groundball, 4MS, EV 63.1 MPH) (infield hit)
Batting: SHB Justin Burkholder 0-0: Fielders Choice at 2nd, 4-6 (Groundball, 34, EV 97.5 MPH)
Batting: RHB Laroya Foronda 0-0: Ball
1-0: Called Strike
1-1: SINGLE (Line Drive, 8LS, EV 90.0 MPH)
Justin Burkholder to second
Batting: RHB Luis Ramos 0-0: Called Strike
0-1: Ball
1-1: Fly out, F8 (Flyball, 89D, EV 96.9 MPH)
Runner from 2nd tags up, SAFE at 3rd, no throw by CF
Batting: LHB Bobby Mohr 0-0: Fly out, F7 (Flyball, 7LSF, EV 90.0 MPH)
Bottom of the 6th over - 0 runs, 2 hits, 0 errors, 2 left on base; Philadelphia (APP) 5 - San Diego (APP) 2
TOP OF THE 7TH
Philadelphia (APP) Phillies batting - Pitching for San Diego (APP) Padres : RHP Cesar Nunez
Pitching: RHP Glen Nott
Batting: RHB Harvey Harvey 0-0: Foul Ball, location: 2F
0-1: Ball
1-1: Ball
2-1: Ball
3-1: Ground out U3 (Groundball, 34, EV 91.3 MPH)
Batting: LHB Charlie Cook 0-0: Ball
1-0: Called Strike
1-1: Ball
2-1: Ball
3-1: Called Strike
3-2: Foul Ball, location: 2F
3-2: Foul Ball, location: 2F
3-2: Base on Balls
Batting: LHB Joel Urquiza 0-0: Ball
1-0: DOUBLE (Line Drive, 89D, EV 108.1 MPH)
Charlie Cook to third
Batting: RHB John Gray 0-0: Called Strike
0-1: 3-RUN HOME RUN (Line Drive, 78XD, EV 111.3 MPH), Distance : 425 ft
Pitching: RHP Jacob Bernard
Batting: RHB David Rivera 0-0: TRIPLE (Line Drive, 8RXD, EV 103.1 MPH)
Batting: RHB Kiyoshi Okazaki 0-0: Ball
1-0: Swinging Strike
Passed Ball!
David Rivera scores
1-1: SINGLE (Line Drive, 89S, EV 90.0 MPH)
Batting: RHB Rafael Pena 0-0: Called Strike
0-1: Ball
1-1: Ball
2-1: Fly out, F7 (Flyball, 78S, EV 84.4 MPH)
Batting: RHB Jose Andrade 0-0: Called Strike
Kiyoshi Okazaki steals 2nd base
0-1: Ground out 1-3 (Groundball, P, EV 83.8 MPH)
Top of the 7th over - 4 runs, 4 hits, 0 errors, 1 left on base; Philadelphia (APP) 9 - San Diego (APP) 2
BOTTOM OF THE 7TH
San Diego (APP) Padres batting - Pitching for Philadelphia (APP) Phillies : RHP Julio Bernal
Batting: RHB Joe Brady 0-0: Ball
1-0: Foul Ball, location: 2F
1-1: Called Strike
1-2: Foul Ball, location: 2F
1-2: Ball
2-2: Strikes out swinging, 2-3 out at first.
Batting: LHB Justin Banner 0-0: Foul Ball, location: 2F
0-1: Ball
1-1: Swinging Strike
1-2: Foul Ball, location: 2F
1-2: Strikes out looking
Batting: LHB Byron Carmichael 0-0: Called Strike
0-1: Called Strike
0-2: SINGLE (Flyball, 7LM, EV 88.1 MPH)
Batting: RHB Jacob Bernard 0-0: Ball
1-0: Called Strike
1-1: Ball
2-1: Called Strike
2-2: Ball
3-2: Foul Ball, location: 2F
3-2: Strikes out looking
Bottom of the 7th over - 0 runs, 1 hit, 0 errors, 1 left on base; Philadelphia (APP) 9 - San Diego (APP) 2
TOP OF THE 8TH
Philadelphia (APP) Phillies batting - Pitching for San Diego (APP) Padres : RHP Jacob Bernard
Pinch Hitting: RHB Robert Anderson 0-0: Swinging Strike
0-1: Foul Ball, location: 2F
0-2: Strikes out swinging
Batting: RHB Harvey Harvey 0-0: Called Strike
0-1: Ball
1-1: Ball
2-1: Ball
3-1: Foul Ball, location: 2F
3-2: Foul Ball, location: 2F
3-2: Ground out 4-3 (Groundball, 4, EV 80.6 MPH)
Batting: LHB Charlie Cook 0-0: Ball
1-0: Swinging Strike
1-1: Swinging Strike
1-2: Strikes out looking
Top of the 8th over - 0 runs, 0 hits, 0 errors, 0 left on base; Philadelphia (APP) 9 - San Diego (APP) 2
BOTTOM OF THE 8TH
San Diego (APP) Padres batting - Pitching for Philadelphia (APP) Phillies : RHP Julio Bernal
Pitching: RHP Marcos Flores
Batting: SHB Juan Luna 0-0: Swinging Strike
0-1: Foul Ball, location: 2F
0-2: Ball
1-2: Strikes out swinging
Batting: SHB Justin Burkholder 0-0: Called Strike
0-1: Called Strike
0-2: Ball
1-2: Strikes out swinging
Batting: RHB Laroya Foronda 0-0: Foul Ball, location: 2F
0-1: Ball
1-1: Fly out, F6 (Line Drive, 6, EV 71.3 MPH)
Bottom of the 8th over - 0 runs, 0 hits, 0 errors, 0 left on base; Philadelphia (APP) 9 - San Diego (APP) 2
TOP OF THE 9TH
Philadelphia (APP) Phillies batting - Pitching for San Diego (APP) Padres : RHP Jacob Bernard
Batting: LHB Joel Urquiza 0-0: Ball
1-0: Swinging Strike
1-1: DOUBLE (Flyball, 78XD, EV 95.6 MPH)
Batting: RHB John Gray 0-0: Foul Ball, location: 2F
0-1: Foul Ball, location: 2F
0-2: Ball
Passed Ball!
Joel Urquiza to third
1-2: Ball
2-2: Ground out 6-3 (Groundball, 6MS, EV 68.8 MPH)
Joel Urquiza scores
Batting: RHB David Rivera 0-0: Ball
1-0: Foul Ball, location: 2F
1-1: Ball
2-1: SOLO HOME RUN (Flyball, 7D, EV 94.4 MPH), Distance : 370 ft
Batting: RHB Kiyoshi Okazaki 0-0: Called Strike
0-1: Foul Ball, location: 2F
0-2: Foul Ball, location: 2F
0-2: Ball
1-2: Ball
2-2: Foul Ball, location: 2F
2-2: Ball
3-2: Ground out 4-3 (Groundball, 4, EV 78.8 MPH)
Batting: RHB Rafael Pena 0-0: Ball
1-0: Swinging Strike
1-1: Foul Ball, location: 2F
1-2: Ball
2-2: Fly out, F8 (Flyball, 8LM, EV 96.9 MPH)
Top of the 9th over - 2 runs, 2 hits, 0 errors, 0 left on base; Philadelphia (APP) 11 - San Diego (APP) 2
BOTTOM OF THE 9TH
San Diego (APP) Padres batting - Pitching for Philadelphia (APP) Phillies : RHP Marcos Flores
Batting: RHB Luis Ramos 0-0: Ground out 1-3 (Groundball, 34S, EV 75.6 MPH)
Batting: LHB Bobby Mohr 0-0: Called Strike
0-1: Ball
1-1: Ball
2-1: Called Strike
2-2: Ground out 5-3 (Groundball, 5L, EV 81.9 MPH)
Batting: RHB Joe Brady 0-0: Swinging Strike
0-1: Ball
1-1: Ball
2-1: Fly out, F8 (Flyball, 8LXD, EV 108.8 MPH)
Bottom of the 9th over - 0 runs, 0 hits, 0 errors, 0 left on base; Philadelphia (APP) 11 - San Diego (APP) 2
Thursday, December 15th , 2022 - OOTP Baseball 23.9 Build 102